 Dungeon Crawl Stone Soup version 0.23-a0-483-g32a748b514 (webtiles) character file.

731 Naow the Cleaver (level 8, 0/58 HPs)
             Began as a Formicid Fighter on Nov 30, 2018.
             Killed by vampiric draining
             ... invoked by a vampire
              (7 damage)
             ... on level 4 of the Dungeon.
             The game lasted 00:05:31 (4298 turns).

Naow the Cleaver (Formicid Fighter)                 Turns: 4298, Time: 00:05:32

Health: 0/58       AC: 10    Str: 27    XL:     8   Next: 3%
Magic:  8/8        EV:  8    Int:  8    God:
Gold:   238        SH: 10    Dex: 10    Spells: 7/7 levels left

rFire    . . .     SeeInvis +   a - +0 war axe
rCold    . . .     Gourm    .   c - +0 shield
rNeg     . . .     Faith    .   b - +0 scale mail
rPois    .         Spirit   .   (helmet unavailable)
rElec    .         Reflect  .   (no cloak)
rCorr    .         Harm     .   e - +2 pair of gloves
MR       .....                  (no boots)
Stlth    ..........             v - amulet of rage
HPRegen  0.19/turn              k - +4 ring of strength
MPRegen  0.11/turn              r - ring of flight

@: no status effects
A: permanent stasis, dig shafts and tunnels, four strong arms, antennae 3
a: Dig, Shaft Self, Evoke Flight


You were on level 4 of the Dungeon.
You were not hungry.

You visited 1 branch of the dungeon, and saw 4 of its levels.

You collected 238 gold pieces.

Inventory:

Hand Weapons
 a - a +0 war axe (weapon)
Armour
 b - a +0 scale mail (worn)
 c - a +0 shield (worn)
 e - a +2 pair of gloves (worn)
Jewellery
 k - a +4 ring of strength (left hand)
 r - a ring of flight (right hand)
 v - an amulet of rage (around neck)
Scrolls
 g - a scroll of random uselessness {unknown}
 h - 2 scrolls of identify {unknown}
 i - 3 scrolls of remove curse {unknown}
 j - 3 scrolls of magic mapping {unknown}
 m - 3 scrolls of enchant armour {unknown}
 q - a scroll of amnesia {unknown}
 t - 2 scrolls of enchant weapon {unknown}
 u - a scroll of fear {unknown}
Potions
 d - 2 potions of might
 l - 2 potions of lignification {unknown}
 n - 2 potions of brilliance {unknown}
 o - 2 potions of heal wounds {unknown}
 p - a potion of mutation {unknown}
 s - 2 potions of haste
Comestibles
 f - 10 rations


   Skills:
 - Level 3.2 Fighting
 + Level 8.4 Axes
 - Level 3.2 Armour
 + Level 4.1 Shields


You had 7 spell levels left.
You didn't know any spells.
Your spell library contained the following spells:

 Spells                   Type           Power        Failure   Level  Hunger
 Shock                    Conj/Air       #...         95%         1    ##.....
 Summon Small Mammal      Summ           #...         95%         1    ##.....
 Call Imp                 Summ           #.......     99%         2    ###....
 Swiftness                Chrm/Air       #.......     99%         2    ###....
 Call Canine Familiar     Summ           #.......     100%        3    ####...
 Static Discharge         Conj/Air       #.......     100%        3    ####...
 Summon Guardian Golem    Hex/Summ       #.......     100%        3    ####...
 Airstrike                Air            #.........   100%        4    #####..
 Summon Ice Beast         Ice/Summ       #.......     100%        4    #####..
 Summon Lightning Spire   Summ/Air       #.......     100%        4    #####..
 Lightning Bolt           Conj/Air       #.........   100%        5    ######.


Dungeon Overview and Level Annotations

Branches:
Dungeon (4/15)
 Temple: D:4-7

Altars:
Xom


Innate Abilities, Weirdness & Mutations

You cannot be hasted, slowed, berserked, paralysed or teleported.
You can dig through walls and to a lower floor.
Your four strong arms can wield two-handed weapons with a shield.
You have a pair of large antennae on your head. (SInv)


Message History

The vampire casts a spell at you. You resist with some effort.
You hit the vampire.
The vampire is severely damaged.
The vampire hits you. The vampire bites you.
The vampire draws strength from your injuries!
You barely miss the vampire.
The vampire is severely damaged.
The vampire hits you.
* * * LOW HITPOINT WARNING * * *
The vampire bites you but does no damage.
The vampire is infused with unholy energy.
* * * LOW HITPOINT WARNING * * *
The vampire draws life force from you and is healed!
You barely miss the vampire.
The vampire is heavily damaged.
You block the vampire's attack.
The vampire bites you but does no damage.
The vampire is infused with unholy energy.
You die...

###### ### { ######## #....# #.#{
{#....... #....# #.####
####....... #....# #.#..#
.#..#....... ####....####.#..#
..#.÷#.......
#..#.........#'####'####'#.##....
'..#.......................##....
#..#............@V.........##....
##'#.....(...†............###....
....##########'####'####+## ##...
....#........#..# .. #...
....'........#..# .#{ #...
....#'########### # #...
##...........#{ { ####
.#...........# { #.
.#...........#### #.


You could see a vampire (invisible).

Vanquished Creatures
  Sigmund (D:4)
  A phantom (D:3)
  An ogre (D:4)
  An orc wizard (D:4)
  Natasha (thrice) (D:2 D:1)
  3 worker ants
  A howler monkey skeleton (D:4)
  9 adders
  5 worms
  A dart slug (D:1)
  6 leopard geckos
  13 orcs
  11 bats
  9 giant cockroaches
  5 goblins
  7 hobgoblins
  14 jackals
  4 kobolds
  5 ball pythons
  5 frilled lizards
  8 rats
113 creatures vanquished.

Notes
Turn   | Place    | Note
-------+----------+-------------------------------------------
     0 | D:1      | Naow the Formicid Fighter began the quest for the Orb.
     0 | D:1      | Reached XP level 1. HP: 18/18 MP: 1/1
    70 | D:1      | Reached XP level 2. HP: 24/24 MP: 2/2
   144 | D:1      | Reached skill level 3 in Axes
   222 | D:1      | Reached XP level 3. HP: 29/29 MP: 3/3
   785 | D:2      | Noticed Natasha
   788 | D:2      | Killed Natasha
   788 | D:2      | Reached skill level 4 in Axes
   788 | D:2      | Reached XP level 4. HP: 35/35 MP: 4/4
   834 | D:2      | Noticed Natasha
   855 | D:1      | Killed Natasha
   855 | D:1      | Reached XP level 5. HP: 5/41 MP: 5/5
   922 | D:1      | Noticed Natasha
   943 | D:1      | Killed Natasha
   943 | D:1      | Reached skill level 5 in Axes
  2013 | D:3      | Reached XP level 6. HP: 47/47 MP: 6/6
  2315 | D:3      | Reached skill level 6 in Axes
  2430 | D:3      | Found a shimmering altar of Xom.
  2652 | D:3      | Noticed a phantom
  2683 | D:3      | Killed a phantom
  3123 | D:4      | Noticed a vampire
  3134 | D:3      | Reached XP level 7. HP: 29/52 MP: 7/7
  3334 | D:4      | Reached skill level 7 in Axes
  3514 | D:4      | Noticed Sigmund
  4215 | D:4      | Killed Sigmund
  4215 | D:4      | Reached skill level 8 in Axes
  4215 | D:4      | Reached XP level 8. HP: 58/58 MP: 8/8
  4298 | D:4      | Killed from afar by a vampire

Vault maps used:
D:1:      elethiomel_arrival_shortcut
D:2:      minmay_misc_feat_rugged, uniq_natasha
D:3:      xom_teletrap_fun
D:4:      minmay_snake_closets, uniq_sigmund

Skill      XL: |  1  2  3  4  5  6  7 |
---------------+----------------------+-----
Axes           | 3 4 5 6 8 |  8.4
Shields        | 4 |  4.1
Fighting       | |  3.2
Armour         | |  3.2

Action                   |  1- 3 |  4- 6 |  7- 9 || total
-------------------------+-------+-------+-------++-------
Melee: War axe           |   110 |   239 |   103 ||   452
  Use: Potion            |       |     1 |       ||     1
  Eat: Chunk             |       |     8 |     4 ||    12
Armor: Scale mail        |    73 |   128 |    40 ||   241
Dodge: Dodged            |    53 |   103 |    31 ||   187
Block: Shield            |    82 |   137 |    68 ||   287

Table legend:
 A = Non-vault XP
 B = Vault XP
 C = Vault XP percentage of total XP
 D = Non-vault monster count
 E = Vault monster count
 F = Vault count percentage of total count
                 A         B        C        D         E       F
            +---------+---------+-------+---------+---------+-------
      Total |     766 |     279 |  26.7 |     108 |       5 |   4.4
            +---------+---------+-------+---------+---------+-------
        D:1 |     139 |       0 |   0.0 |      35 |       0 |   0.0
        D:2 |      53 |      35 |  39.8 |      18 |       1 |   5.3
        D:3 |     272 |       0 |   0.0 |      33 |       0 |   0.0
        D:4 |     302 |     244 |  44.7 |      22 |       4 |  15.4
            +---------+---------+-------+---------+---------+-------
